 Dungeon Crawl Stone Soup version 0.19.1 (webtiles) character file.

406 gorte the Vexing (level 6, -3/41 HPs)
             Began as a Vampire Enchanter on Dec 21, 2016.
             Slain by a slave (9 damage)
             ... led by Pikel
             ... on level 4 of the Dungeon.
             The game lasted 00:13:22 (3584 turns).

gorte the Vexing (Vampire Enchanter)                Turns: 3584, Time: 00:13:22

Health: -3/41      AC:  3    Str:  7    XL:     6   Next: 56%
Magic:  3/10       EV: 14    Int: 19    God:
Gold:   211        SH:  0    Dex: 15    Spells: 3 memorised, 5 levels left

rFire  . . .     SeeInvis +     m - +3 dagger (venom)
rCold  + . .     Gourm    .     b - +1 robe
rNeg   + + .     Faith    .     (no shield)
rPois  +         Spirit   .     (no helmet)
rElec  .         Reflect  .     (no cloak)
rCorr  .         Harm     .     (no gloves)
MR     .....                    (no boots)
Stlth  +++++.....               (no amulet)
                                (no ring)
                                k - ring of stealth

@: regenerating slowly
A: fangs 3, see invisible, unbreathing
a: Bat Form


You were on level 4 of the Dungeon.
You were very thirsty.

You visited 1 branch of the dungeon, and saw 4 of its levels.

You collected 211 gold pieces.

Inventory:

Hand Weapons
 a - a +1 dagger
 m - a +3 dagger of venom (weapon)
Missiles
 p - a throwing net (quivered)
Armour
 b - a +1 robe (worn)
Jewellery
 k - a ring of stealth (left hand)
Wands
 q - a wand of digging (8/24)
Scrolls
 g - a scroll of remove curse
 h - a scroll of magic mapping
 i - a scroll of identify
Potions
 d - 16 potions of blood
 e - a potion of brilliance {unknown}
 f - a potion of cure mutation {unknown}
 l - a potion of cancellation {unknown}
 n - a potion of degeneration {unknown}
 o - 3 potions of curing
Books
 c - a book of Maledictions

   Spells                             Type                      Level
   a - Corona                         Hexes                        1
   b - Ensorcelled Hibernation        Hexes/Ice                    2
   c - Confuse                        Hexes                        3
   d - Tukima's Dance                 Hexes                        3
   e - Dazzling Spray                 Conjuration/Hexes            3


   Skills:
 + Level 3.3 Short Blades
 + Level 4.2 Dodging
 + Level 6.0 Stealth
 + Level 3.2 Spellcasting
 + Level 6.4 Hexes


You had 5 spell levels left.
You knew the following spells:

 Your Spells              Type           Power        Failure   Level  Hunger
a - Corona                Hex            ####...      1%          1    None
b - Ensorcelled Hibernat  Hex/Ice        ###...       8%          2    ##.....
c - Confuse               Hex            ####....     3%          3    ###....


Dungeon Overview and Level Annotations

Branches:
Dungeon (4/15)
 Temple: D:4-7

Altars:
Ashenzari
Makhleb
Yredelemnul

Annotations:
D:4 Pikel


Innate Abilities, Weirdness & Mutations

You heal slowly.
You have razor-sharp teeth.
You have supernaturally acute eyesight. (SInv)
You can survive without breathing.


Message History

Confirm with . or Enter, or press ? or * to list all spells.
Aiming: Confuse
Press: ? - help, Shift-Dir - straight line, f - slave
Aim: a slave, wearing an animal skin (chance to defeat MR: 56%)
The slave resists with significant effort.
Casting: Confuse
Confirm with . or Enter, or press ? or * to list all spells.
Aiming: Confuse
Press: ? - help, Shift-Dir - straight line, f/p - slave
Aim: a slave, wearing an animal skin (chance to defeat MR: 56%)
The slave resists with significant effort.
You are feeling very thirsty.
The slave misses you. The slave completely misses you.
You open the door.
A jackal skeleton comes into view.
The jackal skeleton moves out of view.
The slave hits you.
* * * LOW HITPOINT WARNING * * *
The slave misses you. The slave hits you!
You die...

# #.##.########.## #
#.##.##.# #.# # #.......#
#.# # ####<#### ##'## # #.##
##...## #### #..## ##.....##
#... ##..##
##.......#####..#
#####...####.........##.....
......Z....@p........'......
#####...####pp.......##.....
#..## ##.......###..... #.##
##p....## #..... ###.###
##...## #####. #.....# ##'##
#. #.#.#.# #.# #.
#...#.##### #.##### #.
#.........# ##.....## #.


You could see 4 slaves and a jackal skeleton (wandering).

Vanquished Creatures
  Grinder (D:4)
  A hound (D:3)
  An orc wizard (D:3)
  A worker ant (D:4)
  3 gnolls (D:2)
  5 adders
  2 worms
  11 orcs
  A ball python (D:3)
  A giant cockroach (D:3)
  2 gnoll zombies (D:4)
  3 goblins
  6 hobgoblins
  A kobold (D:1)
  2 quokkas
  4 bats
  3 frilled lizards
  5 rats
53 creatures vanquished.

Notes
Turn   | Place    | Note
-------+----------+-------------------------------------------
     0 | D:1      | gorte the Vampire Enchanter began the quest for the Orb.
     0 | D:1      | Reached XP level 1. HP: 13/13 MP: 3/3
  1195 | D:1      | Reached XP level 2. HP: 19/19 MP: 5/5
  1205 | D:1      | Learned a level 2 spell: Ensorcelled Hibernation
  1726 | D:2      | Reached XP level 3. HP: 24/24 MP: 6/6
  1766 | D:1      | Learned a level 3 spell: Confuse
  1959 | D:2      | Found a shattered altar of Ashenzari.
  1999 | D:2      | Reached skill level 5 in Hexes
  2172 | D:2      | Reached XP level 4. HP: 19/30 MP: 0/7
  2257 | D:2      | Reached skill level 5 in Stealth
  2865 | D:3      | Reached XP level 5. HP: 28/35 MP: 1/8
  2968 | D:3      | Found a burning altar of Makhleb.
  3296 | D:4      | Noticed Grinder
  3309 | D:4      | Paralysed by Grinder for 4 turns
  3317 | D:4      | Paralysed by Grinder for 4 turns
  3340 | D:4      | Killed Grinder
  3340 | D:4      | Reached XP level 6. HP: 24/41 MP: 1/10
  3509 | D:4      | Found a basalt altar of Yredelemnul.
  3543 | D:4      | Noticed a slave
  3544 | D:4      | Noticed a slave
  3545 | D:4      | Noticed a slave
  3546 | D:4      | Noticed Pikel
  3546 | D:4      | Noticed a slave
  3584 | D:4      | Slain by a slave

Skill      XL: |  1  2  3  4  5 |
---------------+----------------+-----
Hexes          | 5 6 |  6.4
Short Blades   | 2 3 |  3.3
Dodging        | 3 4 |  4.2
Stealth        | 5 6 |  6.0
Spellcasting   | 3 |  3.2

Action                   |  1- 3 |  4- 6 || total
-------------------------+-------+-------++-------
Melee: Dagger            |    60 |    90 ||   150
       Bite              |     4 |    12 ||    16
 Cast: Corona            |     1 |       ||     1
       Ensorcelled Hiber |     4 |     3 ||     7
       Confuse           |     2 |     8 ||    10
  Use: Potion            |     2 |     5 ||     7
       Scroll            |     1 |     5 ||     6
 Stab: Sleeping          |     9 |     9 ||    18
       Distracted        |       |     1 ||     1
       Confused          |       |     1 ||     1
Armor: Robe              |    11 |     8 ||    19
Dodge: Dodged            |    37 |    42 ||    79
